Red Wings vs Blue Jackets
Created - February 5, 2023 at 22:50
Goals
|
| Red Wings |
1 |
0 |
1 |
0 |
2 |
2 |
| Blue Jackets |
0 |
1 |
1 |
0 |
3 |
3 |
|
Shots
|
| Red Wings |
10 |
8 |
15 |
0 |
10 |
33 |
| Blue Jackets |
5 |
13 |
5 |
5 |
10 |
28 |
|
1st period
1. Red Wings , Marko Dano 14 (Jordan Eberle 20) at 11:30
Penalties :
No Penalty
2nd period
2. Blue Jackets , Nicklas Backstrom 12 (Riley Sheahan 10, Teuvo Teravainen 19) at 9:43 (PP)
Penalties :
Cody Franson (Det) for Slashing (Minor) at 9:08, Riley Sheahan (Clb) for Hooking (Minor) at 18:49
3rd period
3. Blue Jackets , Nicklas Backstrom 13 (Riley Sheahan 11, Teuvo Teravainen 20) at 11:12
4. Red Wings , Nino Niederreiter 19 (Erik Gudbranson 21, Connor Brown 24) at 12:15
Penalties :
Ben Chiarot (Clb) for High sticking (Double Minor) at 2:32, Mike Richards (Clb) for Interference (Minor) at 8:11, T.J. Hensick (Det) for Boarding (Minor) at 12:35
Overtime #1
No Goal
Penalties :
No Penalty
Shootout
Red Wings, Connor Brown - Stopped by Michal Neuvirth
Blue Jackets, Nicklas Backstrom - Shot Misses the Net
Red Wings, Dylan Larkin - Shot Misses the Net
Blue Jackets, Teuvo Teravainen - Goal!
Red Wings, Nino Niederreiter - Goal!
Blue Jackets, Riley Sheahan - Stopped by Robin Lehner
Red Wings, Marko Dano - Goal!
Blue Jackets, Jason Zucker - Goal!
Red Wings, Henrik Zetterberg - Stopped by Michal Neuvirth
Blue Jackets, Mike Richards - Stopped by Robin Lehner
Red Wings, Peter Mueller - Stopped by Michal Neuvirth
Blue Jackets, Mikko Rantanen - Stopped by Robin Lehner
Red Wings, Carson Mcmillan - Stopped by Michal Neuvirth
Blue Jackets, Sean Monahan - Stopped by Robin Lehner
Red Wings, Jordan Eberle - Stopped by Michal Neuvirth
Blue Jackets, Rickard Rakell - Stopped by Robin Lehner
Red Wings, Michael Haley - Shot Misses the Net
Blue Jackets, William Karlsson - Shot Misses the Net
Red Wings, T.J. Hensick - Stopped by Michal Neuvirth
Blue Jackets, Phil Kessel - Goal!
Penalties :
No Penalty
Goalie Stats
Robin Lehner (Det), 26 saves from 28 shots - (0.929), OTL, 12-14-6, 65:00 minutes
Michal Neuvirth (Clb), 31 saves from 33 shots - (0.939), W, 13-14-2, 65:00 minutes
Players Stats for Red Wings
Player Name G A P +/- PIM S H SB GA TA FO MP PP MP PK MP
------------------------------------------------------------------------------------
Carson Mcmillan 0 0 0 0 0 0 2 0 0 0 0/0 13:46 0:42 1:57
Cody Franson 0 0 0 -1 2 0 0 1 0 2 0/0 22:54 4:44 0:00
Connor Brown 0 1 1 1 0 3 2 1 1 0 0/3 22:24 4:29 0:00
David Rundblad 0 0 0 0 0 0 0 1 1 0 0/0 9:58 0:00 0:00
Drew Fata 0 0 0 1 0 1 1 2 0 0 0/0 25:41 2:34 1:42
Dylan Larkin 0 0 0 0 0 0 1 0 2 0 4/8 15:47 3:00 1:22
Erik Gudbranson 0 1 1 0 0 4 0 3 0 0 0/0 30:47 4:44 1:42
Henrik Zetterberg 0 0 0 1 0 2 3 0 0 1 10/21 20:49 4:27 0:37
Jordan Eberle 0 1 1 0 0 5 3 0 0 1 2/2 20:35 3:28 0:00
Marko Dano 1 0 1 0 0 6 1 1 0 0 1/2 20:40 3:00 0:37
Martin Frk 0 0 0 0 0 0 0 0 1 0 0/0 7:54 0:00 0:00
Michael Haley 0 0 0 0 0 1 2 0 0 0 0/0 8:19 0:18 0:00
Nino Niederreiter 1 0 1 1 0 7 2 0 0 0 0/1 22:22 4:24 0:00
Peter Mueller 0 0 0 0 0 1 2 0 0 0 2/3 8:14 0:18 0:00
Philip Samuelsson 0 0 0 1 0 2 0 0 1 0 0/0 23:21 2:34 0:52
Ryan O'Byrne 0 0 0 1 0 0 2 0 0 0 0/0 16:14 0:39 0:52
Sergei Kostitsyn 0 0 0 0 0 0 0 0 0 0 0/0 9:59 0:00 0:00
T.J. Hensick 0 0 0 0 2 1 2 2 0 0 7/25 17:40 0:24 0:35
Players Stats for Blue Jackets
Player Name G A P +/- PIM S H SB GA TA FO MP PP MP PK MP
------------------------------------------------------------------------------------
Ben Chiarot 0 0 0 1 4 1 1 0 0 0 0/0 13:37 0:00 0:00
Bryce Lampman 0 0 0 -1 0 1 1 1 1 0 0/0 19:40 0:33 2:38
Colton Parayko 0 0 0 -1 0 0 2 1 0 0 0/0 31:36 2:01 5:13
Fabian Brunnstrom 0 0 0 0 0 2 0 0 0 0 0/0 5:02 0:00 1:01
Jake McCabe 0 0 0 -1 0 1 1 0 1 0 0/0 19:40 0:33 2:38
Jason Zucker 0 0 0 0 0 6 2 0 0 1 0/0 19:25 0:36 1:55
Mike Richards 0 0 0 0 2 0 0 0 0 0 5/12 16:44 0:36 0:26
Mikko Rantanen 0 0 0 -1 0 3 0 0 0 1 0/0 12:32 0:00 0:00
Nicklas Backstrom 2 0 2 0 0 4 4 0 0 0 30/40 28:33 1:58 5:01
Phil Kessel 0 0 0 0 0 2 3 0 0 1 0/2 15:53 0:36 0:00
Rickard Rakell 0 0 0 -1 0 2 1 0 0 0 0/1 13:23 0:00 0:00
Riley Sheahan 0 2 2 0 2 3 1 0 0 0 2/3 21:10 1:58 1:27
Sean Monahan 0 0 0 -1 0 1 0 0 0 1 1/3 15:07 0:00 1:09
Shea Theodore 0 0 0 1 0 0 1 1 0 0 0/0 13:44 0:00 0:06
Teuvo Teravainen 0 2 2 0 0 2 0 0 0 1 1/3 25:04 1:58 5:01
Travis Hamonic 0 0 0 -1 0 0 0 3 2 0 0/0 31:36 2:01 5:13
William Karlsson 0 0 0 0 0 0 0 0 0 1 0/1 4:37 0:00 0:00
Zac Rinaldo 0 0 0 0 0 0 0 0 0 0 0/0 4:37 0:00 0:00
3 Stars
1 - Nicklas Backstrom (Clb)
2 - Nino Niederreiter (Det)
3 - Michal Neuvirth (Clb)
Power Play
Red Wings - 0 on 4 Attempt(s) - 0.00%
Blue Jackets - 1 on 2 Attempt(s) - 50.00%
Penalty Kill
Red Wings - 1 on 2 Attempt(s) - 50.00%
- Score 0 goal in Penalty Kill
Blue Jackets - 4 on 4 Attempt(s) - 100.00%
- Score 0 goal in Penalty Kill
Team Stat
Red Wings - Hits : 23 - Faceoff Wins : 26 - Blocked Shots : 11 - Penalty Minutes : 4
Blue Jackets - Hits : 17 - Faceoff Wins : 39 - Blocked Shots : 6 - Penalty Minutes : 8
Official
Referees : Kyle Rehman and Ghislain Hebert
Linesman : Ryan Gibbons and James Tobias
Game Notes
David Rundblad is injured at 14:05 of 2nd period (Back)
Finance
Level 1 -- Attendance: 5928 (98.80%) -- Ticket Income $592,800
Level 2 -- Attendance: 4864 (97.28%) -- Ticket Income $291,840
Level 3 -- Attendance: 1806 (90.30%) -- Ticket Income $63,210
Level 4 -- Attendance: 4000 (100.00%) -- Ticket Income $100,000
Luxury Box -- Attendance: 949 (94.90%) -- Ticket Income $189,800
Game was played at the Nationwide arena.
Total Attendance: 17547 (97.48%)
Total Ticket Income: $1,237,650
Other Income: $185,648
Total Income: $1,423,298
Red Wings
5 vs 5 Forward
Center Left Wing Right Wing Time % Phy DF OF
1 Henrik Zetterberg Nino Niederreiter Connor Brown 35 1 2 2
2 T.J. Hensick Marko Dano Jordan Eberle 35 1 2 2
3 Dylan Larkin Sergei Kostitsyn Carson Mcmillan 20 1 2 2
4 Peter Mueller Michael Haley Martin Frk 10 1 2 2
5 vs 5 Defense
Defense Defense Time % Phy DF OF
1 Erik Gudbranson Drew Fata 40 0 2 3
2 Philip Samuelsson Ryan O'Byrne 30 1 2 2
3 David Rundblad Cody Franson 20 1 2 2
4 David Rundblad Cody Franson 10 1 2 2
PowerPlay Forward
Center Left Wing Right Wing Time % Phy DF OF
1 Henrik Zetterberg Nino Niederreiter Connor Brown 60 1 0 4
2 Dylan Larkin Marko Dano Jordan Eberle 40 1 0 4
PowerPlay Defense
Defense Defense Time % Phy DF OF
1 David Rundblad Erik Gudbranson 60 0 1 4
2 Philip Samuelsson Drew Fata 40 0 1 4
Penalty Kill 4 Players Forward
Center Wing Time % Phy DF OF
1 T.J. Hensick Carson Mcmillan 60 1 2 2
2 Peter Mueller Michael Haley 40 1 2 2
Penalty Kill 4 Players Defense
Defense Defense Time % Phy DF OF
1 Erik Gudbranson Drew Fata 60 1 2 2
2 Ryan O'Byrne Philip Samuelsson 40 1 2 2
Penalty Kill - 3 Players Forward
Forward Time % Phy DF OF
1 Carson Mcmillan 60 1 2 2
2 Michael Haley 40 1 2 2
Penalty Kill - 3 Players Defense
Defense Defense Time % Phy DF OF
1 Drew Fata Erik Gudbranson 60 1 2 2
2 Philip Samuelsson Ryan O'Byrne 40 1 2 2
4 vs 4 Forward
Center Wing Time % Phy DF OF
1 Connor Brown Nino Niederreiter 60 1 2 2
2 Marko Dano Jordan Eberle 40 1 2 2
4 vs 4 Defense
Defense Defense Time % Phy DF OF
1 Erik Gudbranson Philip Samuelsson 60 1 2 2
2 Drew Fata Cody Franson 40 1 2 2
Last Minutes Offensive
Center Left Wing Right Wing Defense Defense
Henrik Zetterberg Nino Niederreiter Connor Brown Erik Gudbranson Philip Samuelsson
Last Minutes Defensive
Center Left Wing Right Wing Defense Defense
T.J. Hensick Michael Haley Carson Mcmillan Drew Fata Erik Gudbranson
Goaltenders
Starting : Robin Lehner
Backup : Mike McKenna
Extra Forwards
Normal : Carson Mcmillan, Dylan Larkin, T.J. Hensick - PP : T.J. Hensick, Carson Mcmillan - PK : T.J. Hensick
Extra Defensemen
Normal : Erik Gudbranson, David Rundblad, Philip Samuelsson - PP : Cody Franson - PK : David Rundblad, Drew Fata
Penalty Shots
Connor Brown, Dylan Larkin, Nino Niederreiter, Marko Dano, Henrik Zetterberg
Scratches
Tomas Kundratek (Healthy)
Blue Jackets
5 vs 5 Forward
Center Left Wing Right Wing Time % Phy DF OF
1 Nicklas Backstrom Teuvo Teravainen Riley Sheahan 40 1 2 2
2 Mike Richards Jason Zucker Phil Kessel 30 1 2 2
3 Sean Monahan Rickard Rakell Mikko Rantanen 20 1 2 2
4 William Karlsson Zac Rinaldo Nicklas Backstrom 10 1 2 2
5 vs 5 Defense
Defense Defense Time % Phy DF OF
1 Colton Parayko Travis Hamonic 40 1 2 2
2 Bryce Lampman Jake McCabe 30 1 2 2
3 Ben Chiarot Shea Theodore 20 1 2 2
4 Colton Parayko Travis Hamonic 10 1 2 2
PowerPlay Forward
Center Left Wing Right Wing Time % Phy DF OF
1 Nicklas Backstrom Teuvo Teravainen Riley Sheahan 60 1 2 2
2 Mike Richards Jason Zucker Phil Kessel 40 1 2 2
PowerPlay Defense
Defense Defense Time % Phy DF OF
1 Colton Parayko Travis Hamonic 60 1 2 2
2 Bryce Lampman Jake McCabe 40 1 2 2
Penalty Kill 4 Players Forward
Center Wing Time % Phy DF OF
1 Nicklas Backstrom Teuvo Teravainen 60 1 2 2
2 Riley Sheahan Jason Zucker 40 1 2 2
Penalty Kill 4 Players Defense
Defense Defense Time % Phy DF OF
1 Colton Parayko Travis Hamonic 60 1 2 2
2 Bryce Lampman Jake McCabe 40 1 2 2
Penalty Kill - 3 Players Forward
Forward Time % Phy DF OF
1 Nicklas Backstrom 60 1 2 2
2 Teuvo Teravainen 40 1 2 2
Penalty Kill - 3 Players Defense
Defense Defense Time % Phy DF OF
1 Colton Parayko Travis Hamonic 60 1 2 2
2 Bryce Lampman Jake McCabe 40 1 2 2
4 vs 4 Forward
Center Wing Time % Phy DF OF
1 Nicklas Backstrom Teuvo Teravainen 60 1 2 2
2 Riley Sheahan Jason Zucker 40 1 2 2
4 vs 4 Defense
Defense Defense Time % Phy DF OF
1 Colton Parayko Travis Hamonic 60 1 2 2
2 Bryce Lampman Jake McCabe 40 1 2 2
Last Minutes Offensive
Center Left Wing Right Wing Defense Defense
Nicklas Backstrom Teuvo Teravainen Riley Sheahan Colton Parayko Travis Hamonic
Last Minutes Defensive
Center Left Wing Right Wing Defense Defense
Nicklas Backstrom Teuvo Teravainen Riley Sheahan Colton Parayko Travis Hamonic
Goaltenders
Starting : Michal Neuvirth
Backup : Cam Talbot
Extra Forwards
Normal : Fabian Brunnstrom, Rickard Rakell, Sean Monahan - PP : Fabian Brunnstrom, Rickard Rakell - PK : Sean Monahan
Extra Defensemen
Normal : Ben Chiarot, Shea Theodore, Bryce Lampman - PP : Ben Chiarot - PK : Shea Theodore, Bryce Lampman
Penalty Shots
Nicklas Backstrom, Teuvo Teravainen, Riley Sheahan, Jason Zucker, Mike Richards
Scratches
Vince Hinostroza (Healthy)
% Time on Ice - Red Wings
Lines # - Real PCT - Wanted PCT - Time Play
Normal Forward
1 - 32% - 35% - 15:51
2 - 32% - 35% - 15:45
3 - 20% - 20% - 9:59
4 - 16% - 10% - 7:54
Normal Defense
1 - 36% - 40% - 18:02
2 - 29% - 30% - 14:19
3 - 24% - 20% - 11:41
4 - 11% - 10% - 5:27
PP Forward
1 - 62% - 60% - 4:57
2 - 38% - 40% - 3:00
PP Defense
1 - 68% - 60% - 5:23
2 - 32% - 40% - 2:34
PK Forward
1 - 100% - 60% - 2:34
2 - 0% - 40% - 0:00
PK Defense
1 - 66% - 60% - 1:42
2 - 34% - 40% - 0:52
PK3 Forward
1 - 0% - 60%
2 - 0% - 40%
PK3 Defense
1 - 0% - 60%
2 - 0% - 40%
44 Forward
1 - 76% - 60% - 3:47
2 - 24% - 40% - 1:13
44 Defense
1 - 64% - 60% - 3:13
2 - 36% - 40% - 1:47
Last Minute Offensive - 0:00
Last Minute Defensive - 0:00
Total
Forward - 65:00
Defense - 65:00
|
% Time on Ice - Blue Jackets
Lines # - Real PCT - Wanted PCT - Time Play
Normal Forward
1 - 33% - 40% - 16:18
2 - 33% - 30% - 16:34
3 - 24% - 20% - 12:00
4 - 9% - 10% - 4:37
Normal Defense
1 - 39% - 40% - 19:24
2 - 29% - 30% - 14:24
3 - 26% - 20% - 12:52
4 - 6% - 10% - 2:49
PP Forward
1 - 77% - 60% - 1:58
2 - 23% - 40% - 0:36
PP Defense
1 - 79% - 60% - 2:01
2 - 21% - 40% - 0:33
PK Forward
1 - 76% - 60% - 6:02
2 - 24% - 40% - 1:55
PK Defense
1 - 67% - 60% - 5:19
2 - 33% - 40% - 2:38
PK3 Forward
1 - 0% - 60%
2 - 0% - 40%
PK3 Defense
1 - 0% - 60%
2 - 0% - 40%
44 Forward
1 - 72% - 60% - 3:36
2 - 28% - 40% - 1:24
44 Defense
1 - 58% - 60% - 2:55
2 - 42% - 40% - 2:05
Last Minute Offensive - 0:00
Last Minute Defensive - 0:00
Total
Forward - 65:00
Defense - 65:00
|
Play-by-Play
1st period
0:01 of 1st period - Nicklas Backstrom wins face-off versus Henrik Zetterberg in neutral zone.
1:15 of 1st period - Slapshot by Connor Brown.
1:15 of 1st period - Shot Misses the Net.
1:39 of 1st period - Off-side.
1:40 of 1st period - Nicklas Backstrom wins face-off versus T.J. Hensick in neutral zone.
1:47 of 1st period - Snap shot by Teuvo Teravainen.
1:47 of 1st period - Shot Misses the Net.
2:07 of 1st period - Ben Chiarot is hit by Dylan Larkin and loses puck.
2:38 of 1st period - Travis Hamonic is hit by Peter Mueller and loses puck.
3:21 of 1st period - Bryce Lampman is hit by Carson Mcmillan and loses puck.
4:19 of 1st period - Wrist shot by Marko Dano.
4:19 of 1st period - Shot Blocked by Shea Theodore.
6:17 of 1st period - Jake McCabe is hit by Michael Haley and loses puck.
7:07 of 1st period - Slapshot by Philip Samuelsson.
7:07 of 1st period - Deflect By Dylan Larkin.
7:07 of 1st period - Shot Misses the Net.
7:07 of 1st period - Puck is out of play.
7:08 of 1st period - Nicklas Backstrom wins face-off versus T.J. Hensick in Blue Jackets zone.
7:15 of 1st period - Wrist shot by Nicklas Backstrom.
7:15 of 1st period - Shot Blocked by Marko Dano.
7:41 of 1st period - Jake McCabe is hit by Henrik Zetterberg and loses puck.
8:44 of 1st period - Snap shot by Marko Dano.
8:44 of 1st period - Stopped by Michal Neuvirth with a rebound.
8:46 of 1st period - Slapshot by Jordan Eberle.
8:46 of 1st period - Stopped by Michal Neuvirth with a rebound.
8:48 of 1st period - Snap shot by Erik Gudbranson.
8:48 of 1st period - Shot Misses the Net.
8:50 of 1st period - Slapshot by T.J. Hensick.
8:50 of 1st period - Shot Misses the Net.
9:10 of 1st period - Snap shot by Connor Brown.
9:10 of 1st period - Shot Misses the Net.
10:39 of 1st period - Martin Frk is hit by Colton Parayko and loses puck.
11:30 of 1st period - Slapshot by Marko Dano.
11:30 of 1st period - Goal by Marko Dano - Red Wings : 1 - Blue Jackets : 0.
11:31 of 1st period - Nicklas Backstrom wins face-off versus T.J. Hensick in neutral zone.
11:36 of 1st period - Slapshot by Teuvo Teravainen.
11:36 of 1st period - Stopped by Robin Lehner with a rebound.
11:58 of 1st period - Bryce Lampman is hit by Carson Mcmillan.
12:25 of 1st period - Cody Franson is hit by Jason Zucker and loses puck.
12:37 of 1st period - Off-side.
12:38 of 1st period - Sean Monahan wins face-off versus T.J. Hensick in neutral zone.
13:03 of 1st period - David Rundblad is hit by Phil Kessel.
13:11 of 1st period - Wrist shot by Jason Zucker.
13:11 of 1st period - Stopped by Robin Lehner without a rebound.
13:12 of 1st period - T.J. Hensick wins face-off versus Nicklas Backstrom in Red Wings zone.
13:17 of 1st period - Teuvo Teravainen is hit by Marko Dano and loses puck.
14:06 of 1st period - Snap shot by Nino Niederreiter.
14:06 of 1st period - Stopped by Michal Neuvirth with a rebound.
14:08 of 1st period - Slapshot by Erik Gudbranson.
14:08 of 1st period - Stopped by Michal Neuvirth without a rebound.
14:09 of 1st period - T.J. Hensick wins face-off versus Mike Richards in Blue Jackets zone.
14:40 of 1st period - Snap shot by Rickard Rakell.
14:40 of 1st period - Stopped by Robin Lehner without a rebound.
14:41 of 1st period - Henrik Zetterberg wins face-off versus Sean Monahan in Red Wings zone.
14:52 of 1st period - Mikko Rantanen is hit by Henrik Zetterberg and loses puck.
15:21 of 1st period - Wrist shot by Sean Monahan.
15:21 of 1st period - Shot Misses the Net.
15:23 of 1st period - Snap shot by Mikko Rantanen.
15:23 of 1st period - Stopped by Robin Lehner without a rebound.
15:24 of 1st period - Riley Sheahan wins face-off versus T.J. Hensick in Red Wings zone.
15:25 of 1st period - Wrist shot by Teuvo Teravainen.
15:25 of 1st period - Stopped by Robin Lehner without a rebound.
15:26 of 1st period - Nicklas Backstrom wins face-off versus T.J. Hensick in Red Wings zone.
16:47 of 1st period - Slapshot by Erik Gudbranson.
16:47 of 1st period - Shot Blocked by Travis Hamonic.
16:49 of 1st period - Snap shot by Michael Haley.
16:49 of 1st period - Stopped by Michal Neuvirth without a rebound.
16:50 of 1st period - Mike Richards wins face-off versus T.J. Hensick in Blue Jackets zone.
17:23 of 1st period - Snap shot by Nino Niederreiter.
17:23 of 1st period - Stopped by Michal Neuvirth with a rebound.
18:01 of 1st period - Wrist shot by Nicklas Backstrom.
18:01 of 1st period - Deflect By Zac Rinaldo.
18:01 of 1st period - Shot Misses the Net.
18:01 of 1st period - Puck is out of play.
18:02 of 1st period - Mike Richards wins face-off versus Peter Mueller in Red Wings zone.
18:15 of 1st period - Wrist shot by Phil Kessel.
18:15 of 1st period - Shot Blocked by Erik Gudbranson.
18:23 of 1st period - Backhand shot by Peter Mueller.
18:23 of 1st period - Stopped by Michal Neuvirth without a rebound.
18:24 of 1st period - T.J. Hensick wins face-off versus Teuvo Teravainen in Blue Jackets zone.
18:29 of 1st period - Wrist shot by T.J. Hensick.
18:29 of 1st period - Shot Misses the Net.
18:31 of 1st period - Snap shot by Marko Dano.
18:31 of 1st period - Stopped by Michal Neuvirth without a rebound.
18:32 of 1st period - Nicklas Backstrom wins face-off versus Marko Dano in Blue Jackets zone.
18:53 of 1st period - Snap shot by T.J. Hensick.
18:53 of 1st period - Shot Misses the Net.
18:55 of 1st period - Slapshot by Cody Franson.
18:55 of 1st period - Shot Misses the Net.
19:03 of 1st period - Snap shot by Marko Dano.
19:03 of 1st period - Stopped by Michal Neuvirth without a rebound.
19:04 of 1st period - Mike Richards wins face-off versus Henrik Zetterberg in Blue Jackets zone.
Goals for this period are 1 for Red Wings vs 0 for Blue Jackets.
Shots for this period are 10 for Red Wings vs 5 for Blue Jackets.
2nd period
0:01 of 2nd period - Nicklas Backstrom wins face-off versus T.J. Hensick in neutral zone.
0:09 of 2nd period - Off-side.
0:10 of 2nd period - Nicklas Backstrom wins face-off versus T.J. Hensick in neutral zone.
0:23 of 2nd period - Wrist shot by Jordan Eberle.
0:23 of 2nd period - Stopped by Michal Neuvirth without a rebound.
0:24 of 2nd period - Nicklas Backstrom wins face-off versus Connor Brown in Blue Jackets zone.
0:24 of 2nd period - Nicklas Backstrom is hit by Nino Niederreiter.
0:42 of 2nd period - Connor Brown is hit by Nicklas Backstrom.
1:00 of 2nd period - Wrist shot by Jordan Eberle.
1:00 of 2nd period - Shot Misses the Net.
1:02 of 2nd period - Wrist shot by Philip Samuelsson.
1:02 of 2nd period - Stopped by Michal Neuvirth with a rebound.
1:20 of 2nd period - Wrist shot by Sean Monahan.
1:20 of 2nd period - Shot Misses the Net.
1:22 of 2nd period - Snap shot by Sean Monahan.
1:22 of 2nd period - Stopped by Robin Lehner without a rebound.
1:23 of 2nd period - Nicklas Backstrom wins face-off versus T.J. Hensick in Red Wings zone.
1:32 of 2nd period - Wrist shot by Teuvo Teravainen.
1:32 of 2nd period - Shot Misses the Net.
1:34 of 2nd period - Slapshot by Jake McCabe.
1:34 of 2nd period - Shot Misses the Net.
1:36 of 2nd period - Slapshot by Bryce Lampman.
1:36 of 2nd period - Stopped by Robin Lehner with a rebound.
1:38 of 2nd period - Wrist shot by Riley Sheahan.
1:38 of 2nd period - Shot Misses the Net.
1:40 of 2nd period - Slapshot by Bryce Lampman.
1:40 of 2nd period - Shot Blocked by T.J. Hensick.
2:34 of 2nd period - Slapshot by Philip Samuelsson.
2:34 of 2nd period - Stopped by Michal Neuvirth without a rebound.
2:35 of 2nd period - Peter Mueller wins face-off versus William Karlsson in Blue Jackets zone.
3:14 of 2nd period - Wrist shot by Nino Niederreiter.
3:14 of 2nd period - Shot Misses the Net.
3:48 of 2nd period - Slapshot by Henrik Zetterberg.
3:48 of 2nd period - Stopped by Michal Neuvirth without a rebound.
3:49 of 2nd period - Nicklas Backstrom wins face-off versus T.J. Hensick in Blue Jackets zone.
3:58 of 2nd period - Marko Dano is hit by Nicklas Backstrom.
4:06 of 2nd period - Slapshot by Erik Gudbranson.
4:06 of 2nd period - Stopped by Michal Neuvirth without a rebound.
4:07 of 2nd period - Dylan Larkin wins face-off versus Mike Richards in Blue Jackets zone.
4:47 of 2nd period - Snap shot by Colton Parayko.
4:47 of 2nd period - Shot Blocked by Erik Gudbranson.
4:49 of 2nd period - Backhand shot by Colton Parayko.
4:49 of 2nd period - Shot Blocked by Drew Fata.
5:10 of 2nd period - Mikko Rantanen is hit by Connor Brown and loses puck.
5:34 of 2nd period - Snap shot by Martin Frk.
5:34 of 2nd period - Shot Misses the Net.
5:47 of 2nd period - Wrist shot by Mike Richards.
5:47 of 2nd period - Shot Misses the Net.
5:49 of 2nd period - Slapshot by Ben Chiarot.
5:49 of 2nd period - Stopped by Robin Lehner with a rebound.
6:31 of 2nd period - Zac Rinaldo is hit by Michael Haley.
7:55 of 2nd period - Philip Samuelsson is hit by Phil Kessel and loses puck.
8:40 of 2nd period - Slapshot by Connor Brown.
8:40 of 2nd period - Shot Misses the Net.
8:42 of 2nd period - Backhand shot by Drew Fata.
8:42 of 2nd period - Shot Misses the Net.
8:50 of 2nd period - Backhand shot by Nino Niederreiter.
8:50 of 2nd period - Shot Misses the Net.
9:08 of 2nd period - Minor Penalty to Cody Franson for Slashing.
9:09 of 2nd period - Teuvo Teravainen wins face-off versus T.J. Hensick in Red Wings zone.
9:32 of 2nd period - T.J. Hensick is hit by Colton Parayko and loses puck.
9:41 of 2nd period - Slapshot by Riley Sheahan.
9:41 of 2nd period - Stopped by Robin Lehner with a rebound.
9:43 of 2nd period - Wrist shot by Nicklas Backstrom.
9:43 of 2nd period - Goal by Nicklas Backstrom - Red Wings : 1 - Blue Jackets : 1.
9:44 of 2nd period - Henrik Zetterberg wins face-off versus Mike Richards in neutral zone.
10:01 of 2nd period - Snap shot by Nino Niederreiter.
10:01 of 2nd period - Stopped by Michal Neuvirth without a rebound.
10:02 of 2nd period - T.J. Hensick wins face-off versus Nicklas Backstrom in Blue Jackets zone.
10:08 of 2nd period - Icing by Travis Hamonic.
10:09 of 2nd period - Nicklas Backstrom wins face-off versus T.J. Hensick in Blue Jackets zone.
10:24 of 2nd period - Slapshot by Jordan Eberle.
10:24 of 2nd period - Shot Misses the Net.
11:03 of 2nd period - Wrist shot by Marko Dano.
11:03 of 2nd period - Shot Hit the Post.
11:05 of 2nd period - Snap shot by Jordan Eberle.
11:05 of 2nd period - Shot Blocked by Travis Hamonic.
11:07 of 2nd period - Backhand shot by Marko Dano.
11:07 of 2nd period - Stopped by Michal Neuvirth without a rebound.
11:08 of 2nd period - Mike Richards wins face-off versus Henrik Zetterberg in Blue Jackets zone.
11:19 of 2nd period - Slapshot by Jake McCabe.
11:19 of 2nd period - Stopped by Robin Lehner without a rebound.
11:20 of 2nd period - Henrik Zetterberg wins face-off versus Mike Richards in Red Wings zone.
11:49 of 2nd period - Slapshot by Mikko Rantanen.
11:49 of 2nd period - Stopped by Robin Lehner without a rebound.
11:50 of 2nd period - Dylan Larkin wins face-off versus Rickard Rakell in Red Wings zone.
12:22 of 2nd period - Wrist shot by Jason Zucker.
12:22 of 2nd period - Stopped by Robin Lehner without a rebound.
12:23 of 2nd period - Henrik Zetterberg wins face-off versus Mike Richards in Red Wings zone.
12:30 of 2nd period - Wrist shot by Jason Zucker.
12:30 of 2nd period - Shot Blocked by Cody Franson.
12:32 of 2nd period - Snap shot by Jason Zucker.
12:32 of 2nd period - Shot Misses the Net.
12:34 of 2nd period - Snap shot by Phil Kessel.
12:34 of 2nd period - Stopped by Robin Lehner without a rebound.
12:35 of 2nd period - Jordan Eberle wins face-off versus Nicklas Backstrom in Red Wings zone.
13:51 of 2nd period - Snap shot by Nicklas Backstrom.
13:51 of 2nd period - Stopped by Robin Lehner without a rebound.
13:52 of 2nd period - Riley Sheahan wins face-off versus T.J. Hensick in Red Wings zone.
14:05 of 2nd period - Wrist shot by Nicklas Backstrom.
14:05 of 2nd period - Shot Blocked by David Rundblad.
14:05 of 2nd period - David Rundblad from Red Wings is injured at 14:05 of 2nd period (Back).
14:06 of 2nd period - Henrik Zetterberg wins face-off versus Nicklas Backstrom in Red Wings zone.
14:13 of 2nd period - Slapshot by Drew Fata.
14:13 of 2nd period - Shot Blocked by Colton Parayko.
14:41 of 2nd period - Snap shot by Mikko Rantanen.
14:41 of 2nd period - Stopped by Robin Lehner with a rebound.
14:43 of 2nd period - Wrist shot by Rickard Rakell.
14:43 of 2nd period - Stopped by Robin Lehner with a rebound.
16:09 of 2nd period - Slapshot by Drew Fata.
16:09 of 2nd period - Shot Hit the Post.
17:06 of 2nd period - Michael Haley is hit by Nicklas Backstrom and loses puck.
17:33 of 2nd period - Nino Niederreiter is hit by Shea Theodore and loses puck.
17:40 of 2nd period - Slapshot by Nino Niederreiter.
17:40 of 2nd period - Stopped by Michal Neuvirth without a rebound.
17:41 of 2nd period - Jordan Eberle wins face-off versus Mike Richards in Blue Jackets zone.
18:01 of 2nd period - Icing by Travis Hamonic.
18:02 of 2nd period - Henrik Zetterberg wins face-off versus Mike Richards in Blue Jackets zone.
18:13 of 2nd period - Snap shot by Jason Zucker.
18:13 of 2nd period - Stopped by Robin Lehner without a rebound.
18:14 of 2nd period - Nicklas Backstrom wins face-off versus T.J. Hensick in Red Wings zone.
18:24 of 2nd period - Off-side.
18:25 of 2nd period - Nicklas Backstrom wins face-off versus T.J. Hensick in neutral zone.
18:34 of 2nd period - Snap shot by Teuvo Teravainen.
18:34 of 2nd period - Shot Misses the Net.
18:42 of 2nd period - Teuvo Teravainen is hit by T.J. Hensick and loses puck.
18:49 of 2nd period - Minor Penalty to Riley Sheahan for Hooking.
18:50 of 2nd period - Nicklas Backstrom wins face-off versus Henrik Zetterberg in Blue Jackets zone.
Goals for this period are 0 for Red Wings vs 1 for Blue Jackets.
Shots for this period are 8 for Red Wings vs 13 for Blue Jackets.
3rd period
0:01 of 3rd period - Nicklas Backstrom wins face-off versus Henrik Zetterberg in neutral zone.
0:49 of 3rd period - Penalty to Riley Sheahan is over, Riley Sheahan is back on ice.
1:47 of 3rd period - Off-side.
1:48 of 3rd period - T.J. Hensick wins face-off versus Phil Kessel in neutral zone.
1:51 of 3rd period - Wrist shot by Jordan Eberle.
1:51 of 3rd period - Shot Misses the Net.
2:01 of 3rd period - Snap shot by Mike Richards.
2:01 of 3rd period - Shot Misses the Net.
2:03 of 3rd period - Slapshot by Colton Parayko.
2:03 of 3rd period - Shot Blocked by T.J. Hensick.
2:05 of 3rd period - Snap shot by Phil Kessel.
2:05 of 3rd period - Stopped by Robin Lehner with a rebound.
2:32 of 3rd period - Double Minor Penalty to Ben Chiarot for High sticking.
2:33 of 3rd period - Henrik Zetterberg wins face-off versus Nicklas Backstrom in Blue Jackets zone.
2:35 of 3rd period - Wrist shot by Nino Niederreiter.
2:35 of 3rd period - Stopped by Michal Neuvirth without a rebound.
2:36 of 3rd period - Nicklas Backstrom wins face-off versus Henrik Zetterberg in Blue Jackets zone.
2:47 of 3rd period - Snap shot by Drew Fata.
2:47 of 3rd period - Stopped by Michal Neuvirth without a rebound.
2:48 of 3rd period - Nicklas Backstrom wins face-off versus Henrik Zetterberg in Blue Jackets zone.
3:16 of 3rd period - Icing by Jordan Eberle.
3:17 of 3rd period - Nicklas Backstrom wins face-off versus Dylan Larkin in Red Wings zone.
3:28 of 3rd period - Slapshot by Erik Gudbranson.
3:28 of 3rd period - Shot Blocked by Bryce Lampman.
3:30 of 3rd period - Slapshot by Erik Gudbranson.
3:30 of 3rd period - Stopped by Michal Neuvirth with a rebound.
3:32 of 3rd period - Slapshot by Cody Franson.
3:32 of 3rd period - Shot Misses the Net.
3:34 of 3rd period - Slapshot by Cody Franson.
3:34 of 3rd period - Shot Misses the Net.
3:36 of 3rd period - Wrist shot by Nino Niederreiter.
3:36 of 3rd period - Stopped by Michal Neuvirth without a rebound.
3:37 of 3rd period - Nicklas Backstrom wins face-off versus Henrik Zetterberg in Blue Jackets zone.
4:02 of 3rd period - Dylan Larkin is hit by Jason Zucker and loses puck.
4:15 of 3rd period - Travis Hamonic is hit by Jordan Eberle and loses puck.
4:32 of 3rd period - Jake McCabe is hit by Connor Brown and loses puck.
6:24 of 3rd period - Michael Haley is hit by Bryce Lampman and loses puck.
6:32 of 3rd period - Penalty to Ben Chiarot is over, Ben Chiarot is back on ice.
6:53 of 3rd period - Dylan Larkin is hit by Phil Kessel and loses puck.
7:21 of 3rd period - Rickard Rakell is hit by Peter Mueller.
7:27 of 3rd period - Michael Haley is hit by Rickard Rakell and loses puck.
8:03 of 3rd period - Wrist shot by Connor Brown.
8:03 of 3rd period - Stopped by Michal Neuvirth with a rebound.
8:11 of 3rd period - Minor Penalty to Mike Richards for Interference.
8:12 of 3rd period - Nicklas Backstrom wins face-off versus Henrik Zetterberg in Blue Jackets zone.
8:20 of 3rd period - Off-side.
8:21 of 3rd period - Henrik Zetterberg wins face-off versus Nicklas Backstrom in neutral zone.
8:26 of 3rd period - Slapshot by Connor Brown.
8:26 of 3rd period - Stopped by Michal Neuvirth with a rebound.
8:28 of 3rd period - Snap shot by Henrik Zetterberg.
8:28 of 3rd period - Stopped by Michal Neuvirth without a rebound.
8:29 of 3rd period - Nicklas Backstrom wins face-off versus Henrik Zetterberg in Blue Jackets zone.
8:53 of 3rd period - Icing by Nino Niederreiter.
8:54 of 3rd period - Nicklas Backstrom wins face-off versus Dylan Larkin in Red Wings zone.
9:22 of 3rd period - Off-side.
9:23 of 3rd period - Nicklas Backstrom wins face-off versus Nino Niederreiter in neutral zone.
9:40 of 3rd period - Snap shot by Connor Brown.
9:40 of 3rd period - Shot Blocked by Travis Hamonic.
9:54 of 3rd period - Philip Samuelsson is hit by Riley Sheahan and loses puck.
9:58 of 3rd period - Icing by Philip Samuelsson.
9:59 of 3rd period - Dylan Larkin wins face-off versus Nicklas Backstrom in Red Wings zone.
9:59 of 3rd period - Dylan Larkin is hit by Jake McCabe.
10:11 of 3rd period - Penalty to Mike Richards is over, Mike Richards is back on ice.
10:20 of 3rd period - Off-side.
10:21 of 3rd period - Henrik Zetterberg wins face-off versus Phil Kessel in neutral zone.
10:28 of 3rd period - Wrist shot by Nino Niederreiter.
10:28 of 3rd period - Shot Misses the Net.
10:48 of 3rd period - Mikko Rantanen is hit by Jordan Eberle and loses puck.
11:12 of 3rd period - Snap shot by Nicklas Backstrom.
11:12 of 3rd period - Goal by Nicklas Backstrom - Red Wings : 1 - Blue Jackets : 2.
11:13 of 3rd period - Nicklas Backstrom wins face-off versus Henrik Zetterberg in neutral zone.
11:40 of 3rd period - Phil Kessel is hit by T.J. Hensick and loses puck.
11:47 of 3rd period - Wrist shot by Jordan Eberle.
11:47 of 3rd period - Stopped by Michal Neuvirth with a rebound.
11:49 of 3rd period - Snap shot by T.J. Hensick.
11:49 of 3rd period - Stopped by Michal Neuvirth without a rebound.
11:50 of 3rd period - Nicklas Backstrom wins face-off versus T.J. Hensick in Blue Jackets zone.
12:03 of 3rd period - Snap shot by Jordan Eberle.
12:03 of 3rd period - Stopped by Michal Neuvirth without a rebound.
12:04 of 3rd period - Henrik Zetterberg wins face-off versus Nicklas Backstrom in Blue Jackets zone.
12:11 of 3rd period - Snap shot by Connor Brown.
12:11 of 3rd period - Stopped by Michal Neuvirth with a rebound.
12:13 of 3rd period - Slapshot by Erik Gudbranson.
12:13 of 3rd period - Stopped by Michal Neuvirth with a rebound.
12:15 of 3rd period - Snap shot by Nino Niederreiter.
12:15 of 3rd period - Goal by Nino Niederreiter - Red Wings : 2 - Blue Jackets : 2.
12:16 of 3rd period - T.J. Hensick wins face-off versus Nicklas Backstrom in neutral zone.
12:19 of 3rd period - Snap shot by Jordan Eberle.
12:19 of 3rd period - Stopped by Michal Neuvirth without a rebound.
12:20 of 3rd period - Nicklas Backstrom wins face-off versus T.J. Hensick in Blue Jackets zone.
12:35 of 3rd period - Minor Penalty to T.J. Hensick for Boarding.
12:36 of 3rd period - Dylan Larkin wins face-off versus Teuvo Teravainen in Red Wings zone.
13:00 of 3rd period - Icing by Teuvo Teravainen.
13:01 of 3rd period - Nicklas Backstrom wins face-off versus Dylan Larkin in Blue Jackets zone.
13:32 of 3rd period - Snap shot by Nicklas Backstrom.
13:32 of 3rd period - Stopped by Robin Lehner with a rebound.
13:34 of 3rd period - Snap shot by Riley Sheahan.
13:34 of 3rd period - Stopped by Robin Lehner without a rebound.
13:35 of 3rd period - Mike Richards wins face-off versus Dylan Larkin in Red Wings zone.
13:52 of 3rd period - Wrist shot by Jason Zucker.
13:52 of 3rd period - Stopped by Robin Lehner with a rebound.
14:35 of 3rd period - Penalty to T.J. Hensick is over, T.J. Hensick is back on ice.
15:22 of 3rd period - Cody Franson is hit by Ben Chiarot and loses puck.
17:28 of 3rd period - Icing by Erik Gudbranson.
17:29 of 3rd period - Peter Mueller wins face-off versus Nicklas Backstrom in Red Wings zone.
17:42 of 3rd period - Shea Theodore is hit by Ryan O'Byrne and loses puck.
17:47 of 3rd period - Slapshot by Peter Mueller.
17:47 of 3rd period - Shot Misses the Net.
18:19 of 3rd period - Travis Hamonic is hit by Henrik Zetterberg and loses puck.
18:32 of 3rd period - Snap shot by Marko Dano.
18:32 of 3rd period - Stopped by Michal Neuvirth with a rebound.
19:00 of 3rd period - Nicklas Backstrom is hit by Ryan O'Byrne.
19:44 of 3rd period - Shea Theodore is hit by Nino Niederreiter and loses puck.
Goals for this period are 1 for Red Wings vs 1 for Blue Jackets.
Shots for this period are 15 for Red Wings vs 5 for Blue Jackets.
Overtime #1
0:01 of 1st overtime period - Nicklas Backstrom wins face-off versus Connor Brown in neutral zone.
0:04 of 1st overtime period - Wrist shot by Colton Parayko.
0:04 of 1st overtime period - Shot Misses the Net.
0:44 of 1st overtime period - Snap shot by Jason Zucker.
0:44 of 1st overtime period - Shot Blocked by Drew Fata.
1:02 of 1st overtime period - Riley Sheahan is hit by Drew Fata and loses puck.
1:13 of 1st overtime period - Erik Gudbranson is hit by Nicklas Backstrom and loses puck.
1:26 of 1st overtime period - Snap shot by Fabian Brunnstrom.
1:26 of 1st overtime period - Stopped by Robin Lehner with a rebound.
1:28 of 1st overtime period - Backhand shot by Jake McCabe.
1:28 of 1st overtime period - Shot Misses the Net.
1:32 of 1st overtime period - Backhand shot by Fabian Brunnstrom.
1:32 of 1st overtime period - Shot Blocked by Erik Gudbranson.
1:34 of 1st overtime period - Wrist shot by Fabian Brunnstrom.
1:34 of 1st overtime period - Stopped by Robin Lehner with a rebound.
2:29 of 1st overtime period - Icing by Shea Theodore.
2:30 of 1st overtime period - T.J. Hensick wins face-off versus Sean Monahan in Blue Jackets zone.
3:20 of 1st overtime period - Wrist shot by Jason Zucker.
3:20 of 1st overtime period - Stopped by Robin Lehner with a rebound.
3:22 of 1st overtime period - Wrist shot by Riley Sheahan.
3:22 of 1st overtime period - Stopped by Robin Lehner without a rebound.
3:23 of 1st overtime period - Marko Dano wins face-off versus Riley Sheahan in Red Wings zone.
3:46 of 1st overtime period - Bryce Lampman is hit by Jordan Eberle and loses puck.
3:55 of 1st overtime period - Snap shot by Riley Sheahan.
3:55 of 1st overtime period - Shot Misses the Net.
3:57 of 1st overtime period - Wrist shot by Bryce Lampman.
3:57 of 1st overtime period - Deflect By Jason Zucker.
3:57 of 1st overtime period - Stopped by Robin Lehner without a rebound.
3:58 of 1st overtime period - Nicklas Backstrom wins face-off versus Connor Brown in Red Wings zone.
4:15 of 1st overtime period - Snap shot by Teuvo Teravainen.
4:15 of 1st overtime period - Shot Blocked by Connor Brown.
Goals for this period are 0 for Red Wings vs 0 for Blue Jackets.
Shots for this period are 0 for Red Wings vs 5 for Blue Jackets.
ShootOut
5:00 of 1st overtime period - Round #1.
5:00 of 1st overtime period - Red Wings, Connor Brown.
5:00 of 1st overtime period - Snap shot by Connor Brown.
5:00 of 1st overtime period - Stopped by Michal Neuvirth.
5:00 of 1st overtime period - Blue Jackets, Nicklas Backstrom.
5:00 of 1st overtime period - Wrist shot by Nicklas Backstrom.
5:00 of 1st overtime period - Shot Misses the Net.
5:00 of 1st overtime period - Round #2.
5:00 of 1st overtime period - Red Wings, Dylan Larkin.
5:00 of 1st overtime period - Wrist shot by Dylan Larkin.
5:00 of 1st overtime period - Shot Misses the Net.
5:00 of 1st overtime period - Blue Jackets, Teuvo Teravainen.
5:00 of 1st overtime period - Wrist shot by Teuvo Teravainen.
5:00 of 1st overtime period - Goal by Teuvo Teravainen.
5:00 of 1st overtime period - Round #3.
5:00 of 1st overtime period - Red Wings, Nino Niederreiter.
5:00 of 1st overtime period - Wrist shot by Nino Niederreiter.
5:00 of 1st overtime period - Goal by Nino Niederreiter.
5:00 of 1st overtime period - Blue Jackets, Riley Sheahan.
5:00 of 1st overtime period - Deke by Riley Sheahan.
5:00 of 1st overtime period - Stopped by Robin Lehner.
5:00 of 1st overtime period - Round #4.
5:00 of 1st overtime period - Red Wings, Marko Dano.
5:00 of 1st overtime period - Wrist shot by Marko Dano.
5:00 of 1st overtime period - Goal by Marko Dano.
5:00 of 1st overtime period - Blue Jackets, Jason Zucker.
5:00 of 1st overtime period - Wrist shot by Jason Zucker.
5:00 of 1st overtime period - Goal by Jason Zucker.
5:00 of 1st overtime period - Round #5.
5:00 of 1st overtime period - Red Wings, Henrik Zetterberg.
5:00 of 1st overtime period - Wrist shot by Henrik Zetterberg.
5:00 of 1st overtime period - Stopped by Michal Neuvirth.
5:00 of 1st overtime period - Blue Jackets, Mike Richards.
5:00 of 1st overtime period - Wrist shot by Mike Richards.
5:00 of 1st overtime period - Stopped by Robin Lehner.
5:00 of 1st overtime period - Round #6.
5:00 of 1st overtime period - Red Wings, Peter Mueller.
5:00 of 1st overtime period - Wrist shot by Peter Mueller.
5:00 of 1st overtime period - Stopped by Michal Neuvirth.
5:00 of 1st overtime period - Blue Jackets, Mikko Rantanen.
5:00 of 1st overtime period - Snap shot by Mikko Rantanen.
5:00 of 1st overtime period - Stopped by Robin Lehner.
5:00 of 1st overtime period - Round #7.
5:00 of 1st overtime period - Red Wings, Carson Mcmillan.
5:00 of 1st overtime period - Snap shot by Carson Mcmillan.
5:00 of 1st overtime period - Stopped by Michal Neuvirth.
5:00 of 1st overtime period - Blue Jackets, Sean Monahan.
5:00 of 1st overtime period - Backhand shot by Sean Monahan.
5:00 of 1st overtime period - Stopped by Robin Lehner.
5:00 of 1st overtime period - Round #8.
5:00 of 1st overtime period - Red Wings, Jordan Eberle.
5:00 of 1st overtime period - Backhand shot by Jordan Eberle.
5:00 of 1st overtime period - Stopped by Michal Neuvirth.
5:00 of 1st overtime period - Blue Jackets, Rickard Rakell.
5:00 of 1st overtime period - Snap shot by Rickard Rakell.
5:00 of 1st overtime period - Stopped by Robin Lehner.
5:00 of 1st overtime period - Round #9.
5:00 of 1st overtime period - Red Wings, Michael Haley.
5:00 of 1st overtime period - Snap shot by Michael Haley.
5:00 of 1st overtime period - Shot Misses the Net.
5:00 of 1st overtime period - Blue Jackets, William Karlsson.
5:00 of 1st overtime period - Backhand shot by William Karlsson.
5:00 of 1st overtime period - Shot Misses the Net.
5:00 of 1st overtime period - Round #10.
5:00 of 1st overtime period - Red Wings, T.J. Hensick.
5:00 of 1st overtime period - Wrist shot by T.J. Hensick.
5:00 of 1st overtime period - Stopped by Michal Neuvirth.
5:00 of 1st overtime period - Blue Jackets, Phil Kessel.
5:00 of 1st overtime period - Wrist shot by Phil Kessel.
5:00 of 1st overtime period - Goal by Phil Kessel.